AoeStats
← alvaro_j_94

Arena

510817830Analyzed
1v1 RM · 23h ago on Oct 2, 2026· 88m 23s· 2 players
Game mode
Random Map
Map size
Tiny (2 player)
Population
200
Speed
Normal
Resources
Standard
Victory
Conquest
Starting age
Dark Age
Ending age
Imperial Age
RankedLock teamsTeams togetherTeam positionsShared explorationLock speedFull tech treeHidden civsTurbo modeCheats
Victory
Defeat
🇩🇪 Burgundians · Germany
467
+13
🇪🇸 Spanish · Spain
410
-13
alvaro_j_94
9:49 Loom
12:03 Feudal Age
13:26 Wheelbarrow
12:39 Double-Bit Axe
12:37 Horse Collar
18:20 Forging
18:15 Scale Barding Armor
18:11 Scale Mail Armor
22:56 Castle Age
21:50 Fletching
21:29 Man-at-Arms
24:08 Hand Cart
25:56 Husbandry
26:37 Iron Casting
26:23 Chain Barding Armor
26:18 Chain Mail Armor
26:00 Bodkin Arrow
26:09 Squires
28:40 Bloodlines
30:17 Inquisition
31:51 Fervor
36:21 Imperial Age
35:54 Stone Mining
35:54 Gold Mining
36:48 Sanctity
36:32 Devotion
38:55 Cavalier
40:06 Gambesons
39:43 Long Swordsman
40:47 Elite Conquistador
40:52 Paladin
42:36 Blast Furnace
42:12 Plate Barding Armor
42:08 Plate Mail Armor
41:38 Bracer
42:03 Block Printing
42:15 Illumination
42:29 Theocracy
47:57 Chemistry
46:31 Onager
48:38 Redemption
59:44 Pikeman
63:06 Halberdier
63:18 Two-Handed Swordsman
64:05 Capped Ram
65:29 Siege Ram
66:32 Bow Saw
BenMasterful
14:36 Feudal Age
18:31 Castle Age
24:53 Double-Bit Axe
26:48 Stone Mining
26:50 Gold Mining
29:47 Bow Saw
29:22 Horse Collar
33:28 Heavy Plow
35:30 Stone Shaft Mining
35:32 Gold Shaft Mining
36:01 Two-Man Saw
37:38 Imperial Age
36:11 Arson
36:28 Squires
35:49 Pikeman
35:55 Elite Skirmisher
37:05 Ballistics
37:10 Padded Archer Armor
37:01 Fletching
37:21 Forging
37:47 Burgundian Vineyards
38:46 Husbandry
38:06 Light Cavalry
41:19 Chemistry
41:05 Hussar
44:03 Onager
45:48 Bombard Tower
47:30 Masonry
48:34 Leather Archer Armor
48:15 Bodkin Arrow
48:55 Iron Casting
49:35 Elite Coustillier
53:04 Cavalier
55:59 Bracer
57:00 Blast Furnace
56:00 Scale Mail Armor
56:06 Scale Barding Armor
61:58 Chain Mail Armor
62:19 Chain Barding Armor
62:46 Paladin
63:03 Halberdier
64:28 Plate Mail Armor
64:34 Plate Barding Armor
70:14 Crop Rotation
69:41 Guard Tower
70:31 Hoardings
69:28 Sappers
70:36 Wheelbarrow
69:47 Town Watch
69:48 Loom
80:33 Guard Tower
80:29 Arrowslits
Connection lost

Rejoining the realm…

Still unreachable

The connection could not be restored.

Session expired

The server has moved on; the page needs a fresh start.